 Dungeon Crawl Stone Soup version 0.30-a0-57-g8b159a9891 (webtiles) character file.

Game seed: 11897158352764831252

7301 BritishOli the Warrior (level 10, -5/96 HPs)
             Began as a Demonspawn Fighter on Sept 12, 2022.
             Was an Elder of Makhleb.
             Killed by divine providence
             ... invoked by an orc priest
              (11 damage)
             ... on level 9 of the Dungeon.
             The game lasted 00:20:13 (10594 turns).

BritishOli the Warrior (Demonspawn Fighter)        Turns: 10594, Time: 00:20:13

Health: -5/96      AC: 17    Str: 30    XL:     10   Next: 90%
Magic:  10/10      EV: 10    Int: 11    God:    Makhleb [****..]
Gold:   353        SH: 11    Dex: 21    Spells: 9/9 levels left

rFire   . . .      SeeInvis .    k - +3 war axe of Dust {elec, Str+4 Int+3}
rCold   . . .      Faith    .    c - +0 buckler
rNeg    + . .      Spirit   .    E - +4 swamp dragon scales "Loshraewn" {rPois Str+5 Int-2 Dex+7}
rPois   +          Reflect  +    (helmet restricted)
rElec   .          Harm     .    H - +0 cloak
rCorr   .          Rampage  .    n - +2 pair of gloves
Will    .....                    (no boots)
Stlth   ++........               A - amulet of reflection
HPRegen 0.26/turn                F - ring of positive energy
MPRegen 0.12/turn                (no ring)

@: no status effects
A: antennae 2, thin skeletal structure 1, powered by death 2
a: Renounce Religion, Minor Destruction, Lesser Servant of Makhleb, Major
Destruction


You were on level 9 of the Dungeon.
You worshipped Makhleb.
Makhleb was greatly pleased with you.
You visited 1 branch of the dungeon, and saw 9 of its levels.

You collected 353 gold pieces.

Inventory:

Hand Weapons
 a - a +0 long sword
 k - the +3 war axe of Dust (weapon) {elec, Str+4 Int+3}
   (You found it on level 2 of the Dungeon)

   It occasionally discharges a powerful burst of electricity upon striking a
   foe.
   Str:       It affects your strength (+4).
   Int:       It affects your intelligence (+3).
 o - the +1 hand axe "Fuik" {vorpal, *Slow rElec rC++ Dex+4}
   (You found it on level 2 of the Dungeon)

   It inflicts extra damage upon your enemies.
   Dex:       It affects your dexterity (+4).
   rC:        It greatly protects you from cold.
   rElec:     It insulates you from electricity.
   *Slow:     It may slow you when you take damage.
 O - a +2 hand axe of flaming
Missiles
 b - 4 silver boomerangs (quivered)
 L - 9 boomerangs
 N - 2 throwing nets
Armour
 c - a +0 buckler (worn)
 n - a +2 pair of gloves (worn)
 E - the +4 swamp dragon scales "Loshraewn" (worn) {rPois Str+5 Int-2 Dex+7}
   (You found it on level 5 of the Dungeon)

   Str:       It affects your strength (+5).
   Int:       It affects your intelligence (-2).
   Dex:       It affects your dexterity (+7).
   rPois:     It protects you from poison.
 H - a +0 cloak (worn)
Jewellery
 A - an amulet of reflection (around neck)
 F - a ring of positive energy (left hand)
 M - a ring of willpower
Wands
 x - a wand of roots (20)
 P - a wand of flame (10)
 Q - a wand of acid (3)
Scrolls
 e - 5 scrolls of teleportation
 g - a scroll of immolation {unknown}
 h - a scroll of blinking {unknown}
 i - a scroll of fog {unknown}
 l - 2 scrolls of magic mapping {unknown}
 p - 2 scrolls of enchant armour {unknown}
 t - 4 scrolls of amnesia
 v - 3 scrolls of brand weapon {unknown}
 w - a scroll of acquirement {unknown}
 y - a scroll of torment {unknown}
 z - 2 scrolls of poison {unknown}
 C - 2 scrolls of vulnerability {unknown}
 D - a scroll of enchant weapon {unknown}
 I - 2 scrolls of identify
Potions
 d - 4 potions of might
 f - a potion of experience {unknown}
 j - 2 potions of attraction {unknown}
 m - a potion of magic {unknown}
 q - 4 potions of heal wounds
 r - a potion of flight {unknown}
 s - 3 potions of invisibility
 u - a potion of ambrosia {unknown}
 B - a potion of resistance {unknown}
 G - a potion of cancellation {unknown}
 J - a potion of lignification {unknown}
 K - a potion of brilliance {unknown}


   Skills:
 - Level 15.0 Fighting
 - Level 2.3 Long Blades
 + Level 7.3 Armour
 - Level 3.0 Shields


You had 9 spell levels left.
You didn't know any spells.
Your spell library contained the following spells:

 Spells                   Type           Power      Damage    Failure   Level
 Sublimation of Blood     Necr           0%         N/A       67%         2
 Conjure Flame            Conj/Fire      0%         6-21      88%         3
 Ignite Poison            Fire/Tmut/Pois 0%         N/A       88%         3
 Corpse Rot               Necr/Pois/Air  0%         N/A       99%         4
 Dispel Undead            Necr           0%         3d6       99%         4
 Petrify                  Tmut/Erth      0%         N/A       99%         4
 Sticky Flame             Conj/Fire      0%         2d3       99%         4
 Irradiate                Conj/Tmut      0%         3d11      100%        5
 Death Channel            Necr           0%         N/A       100%        6


Dungeon Overview and Level Annotations

Branches:
Dungeon (9/15)             Temple (0/1) D:6            Lair (0/5) D:9
    Orc (0/2) D:9

Altars:
Gozag
Makhleb
Wu Jian

Annotations:
D:7 Maggie


Innate Abilities, Weirdness & Mutations

You have a pair of antennae on your head.
You have a somewhat thin skeletal structure. (Dex +2, Stealth+)
You regenerate health from kills.


Message History

You struggle to resist.
Throw: 4 boomerangs (silver)
Press: ? - help, Q - select action, (/) - cycle Shift-Dir - straight line, f - yak
Aim: a yak (heavily wounded, 77% to hit)
You throw a silver boomerang. The silver boomerang hits the orc.
The orc is almost dead.
The orc priest invokes the aid of Beogh against you.
Beogh smites you!
* * * LOW HITPOINT WARNING * * *
Throw: 4 boomerangs (silver)
Press: ? - help, Q - select action, (/) - cycle Shift-Dir - straight line, f - orc priest, p - yak
Aim: an orc priest, wielding a +0 mace (69% to hit)
You throw a silver boomerang.
The silver boomerang hits the yak but does no damage.
The yak is moderately wounded.
That's the wrong kind of item! (Use * to select it.) Evoke which item? (* to show all) (? for menu, Esc to quit)
Okay, then.
Aiming: Corrosive Bolt
Press: ? - help, Shift-Dir - straight line, f/p - orc priest
Aim: an orc priest, wielding a +0 mace (71% to hit)
The bolt of acid hits the yak!
The acid corrodes the yak!
The yak is heavily wounded.
The bolt of acid misses the orc.
The bolt of acid hits the orc priest!
The orc priest is almost dead.
The bolt of acid hits the orc priest!
The acid corrodes the orc priest!
The orc priest is almost dead.
You hear a shout!
The orc priest calls upon Beogh to heal the orc priest.
The orc priest is healed somewhat.
You barely miss the yak.
The yak is heavily wounded.
The yak gores you.
* * * LOW HITPOINT WARNING * * *
The orc priest calls down the wrath of Beogh upon you.
Beogh smites you!
* * * LOW HITPOINT WARNING * * *
The orc priest invokes the aid of Beogh against you.
Beogh smites you!
You die...

#..##.........## ######.##
###.#####.....### #..# ##...#
##..### #.## ...### #.## ###.#
.##########'#### #...# .#
#...........# #####'######
.###...........# #..........##
.#.'.<.รท.......######o.........'.
...#...........'@Yoooo..........#
.###...........######Y......)>..#
.# ##'########## #######.....# .#
#..### #8...8# ## ##...### ###'###
###...# #o)Yo.# ###)### #o{Y..#
### #...# #.{_..# ..##########'##
#.....#


You could see 2 yaks, 2 orc priests and 3 orcs.

Vanquished Creatures
  Amaemon (D:8)
  An elephant (D:8)
  An orange demon (D:8)
  A shadow (D:8)
  2 basilisks
  11 yaks
  A steam dragon (D:7)
  3 water moccasins
  5 orc warriors
  2 ice beasts
  A black bear (D:6)
  2 sky beasts
  4 ogres
  3 centaurs
  A phantom (D:4)
  A necrophage (D:6)
  3 bullfrogs
  A gnoll sergeant (D:7)
  5 scorpions
  4 wights (D:9)
  A howler monkey (D:4)
  3 jellies
  8 hounds
  2 gnoll boudas
  7 orc priests
  2 iguanas
  11 orc wizards
  9 gnolls
  5 adders
  2 white imps
  3 ufetubi
  A worm (D:4)
  A dart slug (D:3)
  41 orcs
  3 bats
  3 endoplasms
  3 giant cockroaches (D:1)
  8 goblins
  8 hobgoblins
  8 jackals
  5 quokkas
  5 ball pythons
  3 frilled lizards
  6 kobolds
  3 rats
204 creatures vanquished.

Vanquished Creatures (others)
  A sky beast (D:7)
  An orc wizard (D:6)
  3 gnolls
  23 fungi (D:8)
  15 plants
43 creatures vanquished.

Grand Total: 247 creatures vanquished

Notes
Turn   | Place    | Note
-------+----------+-------------------------------------------
     0 | D:1      | BritishOli the Demonspawn Fighter began the quest for the
                  | Orb.
     0 | D:1      | Reached XP level 1. HP: 18/18 MP: 1/1
    23 | D:1      | Gained mutation: You regenerate a little health from kills.
                  | [demonic ancestry]
    23 | D:1      | Reached XP level 2. HP: 4/24 MP: 2/2
   812 | D:1      | Gained mutation: You have a pair of small antennae on your
                  | head. [demonic ancestry]
   812 | D:1      | Reached XP level 3. HP: 17/29 MP: 3/3
  1378 | D:2      | Identified the +3 war axe of Dust {elec, Str+4 Int+3}
  1645 | D:2      | Identified the +1 hand axe "Fuik" {vorpal, *Slow rElec rC++
                  | Dex+4}
  1898 | D:3      | Found a faded altar of an unknown god.
  1920 | D:3      | Found a burning altar of Makhleb.
  1960 | D:3      | Became a worshipper of Makhleb the Destroyer
  1982 | D:3      | Reached skill level 4 in Fighting
  1982 | D:3      | Reached XP level 4. HP: 35/37 MP: 4/4
  2441 | D:4      | Reached skill level 5 in Fighting
  2441 | D:4      | Reached XP level 5. HP: 44/44 MP: 5/5
  2480 | D:4      | Reached * piety under Makhleb
  2550 | D:4      | Noticed a sky beast
  2561 | D:4      | Killed a sky beast
  2562 | D:4      | Reached skill level 6 in Fighting
  2562 | D:4      | Reached XP level 6. HP: 40/52 MP: 6/6
  2909 | D:4      | Reached skill level 7 in Fighting
  3197 | D:4      | Gained mutation: You have a somewhat thin skeletal
                  | structure. (Dex +2, Stealth+) [demonic ancestry]
  3197 | D:4      | Reached XP level 7. HP: 60/60 MP: 7/7
  3244 | D:4      | Found an opulent altar of Gozag.
  3253 | D:4      | Reached skill level 8 in Fighting
  3663 | D:5      | Entered Level 5 of the Dungeon
  3914 | D:5      | Identified the +4 swamp dragon scales "Loshraewn" {rPois
                  | Str+5 Int-2 Dex+7}
  3977 | D:5      | Reached skill level 9 in Fighting
  4211 | D:5      | Gained mutation: You have a pair of antennae on your head.
                  | [demonic ancestry]
  4211 | D:5      | Reached XP level 8. HP: 71/71 MP: 8/8
  4557 | D:5      | Reached skill level 10 in Fighting
  5148 | D:5      | Reached skill level 11 in Fighting
  5389 | D:6      | Reached ** piety under Makhleb
  5591 | D:6      | Reached XP level 9. HP: 82/82 MP: 9/9
  5634 | D:6      | Found an ornate altar of the Wu Jian Council.
  6136 | D:6      | Reached skill level 12 in Fighting
  6374 | D:6      | Found a staircase to the Ecumenical Temple.
  6643 | D:7      | Noticed Maggie
  7041 | D:7      | HP: 3/84 [Maggie/+2 vorpal morningstar (13)]
  7041 | D:7      | HP: 1/84 [Maggie/+2 vorpal morningstar (2)]
  7419 | D:8      | Reached skill level 13 in Fighting
  7977 | D:8      | Reached *** piety under Makhleb
  8090 | D:8      | Noticed an orange demon
  8091 | D:8      | Noticed Amaemon
  8307 | D:7      | Reached skill level 14 in Fighting
  9447 | D:8      | Killed Amaemon
  9448 | D:8      | Gained mutation: You regenerate health from kills. [demonic
                  | ancestry]
  9448 | D:8      | Reached XP level 10. HP: 71/95 MP: 10/10
  9449 | D:8      | Killed an orange demon
  9729 | D:8      | Reached skill level 15 in Fighting
  9940 | D:9      | Found a staircase to the Lair.
  9940 | D:9      | Noticed an elephant
 10108 | D:8      | Killed an elephant
 10109 | D:8      | Reached skill level 5 in Armour
 10336 | D:9      | Found a staircase to the Orcish Mines.
 10382 | D:9      | Reached **** piety under Makhleb
 10594 | D:9      | Killed from afar by an orc priest

Illustrated notes

Levels and vault maps discovered:
D:1:      lightli_arrival_noodles, layout_basic
D:2:      layout_basic
D:3:      layout_basic, mainiacjoe_overflow_small_starburst,
          hellmonk_ecumenical_altar_crossroads, solitary_fountain,
          minmay_three_crescents
D:4:      layout_basic, lemuel_round_altar, minivault_19
D:5:      layout_basic, saegor_snake_ambush
D:6:      layout_loops_ring, kennysheep_mini, minmay_temple_entry_nine_rooms
D:7:      layout_layer_cave, old_standard_altar, nicolae_grassy_gnolls,
          uniq_maggie
D:8:      layout_layer_cave, mainiacjoe_overflow_cross_hatched,
          nrook_mini_backslash, uniq_amaemon
D:9:      layout_roguey, david_lair_generic, minmay_orc_entry_temple_small,
          hangedman_decor_opposing

Skill      XL: |  1  2  3  4  5  6  7  8  9 10 |
---------------+-------------------------------+-----
Long Blades    | 2 |  2.3
Armour         | 3 7 |  7.3
Shields        | 3 |  3.0
Fighting       | 4 5 6 7 9 11 14 15 | 15.0

Action                   |  1- 3 |  4- 6 |  7- 9 | 10-12 || total
-------------------------+-------+-------+-------+-------++-------
Melee: Long sword        |   123 |       |       |       ||   123
       War axe           |    33 |    77 |   305 |   101 ||   516
Throw: Boomerang         |       |       |     7 |     2 ||     9
Evoke: Wand              |       |       |     1 |     1 ||     2
  Use: Scroll            |       |       |     7 |       ||     7
       Potion            |       |       |     1 |       ||     1
 Stab: Distracted        |       |       |     1 |       ||     1
Armor: Scale mail        |   100 |    35 |    97 |       ||   232
       Swamp dragon scal |       |       |    81 |    84 ||   165
       Plate armour      |       |       |    19 |       ||    19
Dodge: Dodged            |    91 |    36 |   149 |    66 ||   342
Block: Buckler           |    46 |    16 |   134 |    90 ||   286
       Reflection        |       |       |     3 |       ||     3

Table legend: (Time is in decaauts)
 A = Elapsed time spent in this place.
 B = Non-inter-level travel time spent in this place.
 C = Inter-level travel time spent in this place.
 D = Time resting spent in this place.
 E = Time spent auto-exploring this place.
 F = Levels seen in this place.
 G = Mean time per level.
                   A        B        C        D        E       F      G
               +--------+--------+--------+--------+--------+-----+--------+
         Total |  10953 |  10546 |    407 |   1914 |   6773 |   9 | 1217.0 |
       Dungeon |  10953 |  10546 |    407 |   1914 |   6773 |   9 | 1217.0 |
               +--------+--------+--------+--------+--------+-----+--------+

Top non-repeatable levels by time:
     D:7: 2067 daAuts
     D:5: 1907 daAuts
     D:8: 1610 daAuts
     D:1: 1350 daAuts
     D:4: 1309 daAuts
     D:6: 1059 daAuts
     D:3: 592 daAuts
     D:9: 535 daAuts
     D:2: 521 daAuts
